 Dungeon Crawl Stone Soup version 0.17-a0-1210-g1e4f09d (webtiles) character file.

73877 Hanyuu the Warrior (level 15, -7/147 HPs)
             Began as a Hill Orc Gladiator on June 3, 2015.
             Was the Champion of Makhleb.
             Mangled by an orc warlord
             ... wielding a +6 battleaxe
              (20 damage)
             ... on level 3 of the Orcish Mines on June 4, 2015.
             The game lasted 02:15:06 (23446 turns).

Hanyuu the Warrior (Hill Orc Gladiator)            Turns: 23446, Time: 02:15:06

Health: -7/147     AC: 19    Str: 30    XL:     15   Next: 44%
Magic:  22/22      EV: 13    Int: 12    God:    Makhleb [******]
Gold:   1414       SH:  0    Dex: 11    Spells: 5 memorised, 9 levels left

rFire  + + .     SeeInvis .     a - +2 war axe (elec)
rCold  + . .     Clarity  .     w - +4 ring mail {rN+}
rNeg   + . .     SustAt   .     (no shield)
rPois  .         Gourm    .     J - +2 helmet
rElec  .         Spirit   .     A - +0 cloak {rF+}
rCorr  .         Warding  .     e - +1 pair of gloves of Zasmiob {Str+4}
rMut   .         Stasis   .     (no boots)
MR     +....                    o - amulet of regeneration
Stlth  +.........               P - ring "Ebobymn" {rF+ rC+ Slay+3}
                                E - +5 ring of strength

@: very slightly contaminated, invisible, somewhat resistant to hostile
enchantments, very unstealthy
A: no striking features
a: Minor Destruction, Lesser Servant of Makhleb, Major Destruction, Greater
Servant of Makhleb, Renounce Religion


You were on level 3 of the Orcish Mines.
You worshipped Makhleb.
Makhleb was exalted by your worship.
You were not hungry.

You visited 3 branches of the dungeon, and saw 23 of its levels.
You also visited: Volcano.

You collected 2552 gold pieces.
You spent 1138 gold pieces at shops.

Inventory:

Hand weapons
 a - a +2 war axe of electrocution (weapon)
 b - a +2 blowgun
 Z - a +1 hand axe of flaming
Missiles
 d - 3 throwing nets (quivered)
 F - 47 poisoned needles
 L - 4 javelins
Armour
 e - the +1 pair of gloves of Zasmiob (worn) {Str+4}
   (You bought it in a shop on level 2 of the Orcish Mines)

   It affects your strength (+4).
 g - a +0 hat of see invisible
 w - a +4 ring mail of positive energy (worn)
 x - a +1 hat of fire resistance
 A - a +0 cloak of fire resistance (worn)
 J - a +2 helmet (worn)
Jewellery
 l - an uncursed ring of sustain attributes
 n - the ring of Tiegados {+Blink rC+ Str+2 Dex-2}
   (You found it on level 9 of the Dungeon)

   [ring of dexterity]

   It affects your strength (+2).
   It affects your dexterity (-2).
   It protects you from cold.
   It lets you blink.
 o - an amulet of regeneration (around neck)
 t - an uncursed ring of ice
 u - an uncursed ring of protection from magic
 E - a +5 ring of strength (left hand)
 N - a +5 ring of intelligence
 P - the ring "Ebobymn" (right hand) {rF+ rC+ Slay+3}
   (You bought it in a shop on level 4 of the Orcish Mines)

   [ring of protection from cold]

   It affects your accuracy and damage with ranged weapons and melee attacks
   (+3).
   It protects you from fire.
   It protects you from cold.
 Y - the ring of Xom's Absentmindedness {rPois MP+9 Stlth-}
   (You found it on level 8 of the Lair of Beasts)

   [ring of loudness]

   It protects you from poison.
   It affects your magic capacity (+9).
   It makes you less stealthy.
Magical devices
 C - a wand of draining (0)
 S - a wand of frost (25)
 U - a wand of digging (3)
 V - a wand of draining (1)
Scrolls
 h - a scroll of identify
 s - 4 scrolls of teleportation
 y - 3 scrolls of fear
 M - a scroll of silence
 O - 5 scrolls of recharging
 T - 6 scrolls of remove curse
 X - a scroll of magic mapping
Potions
 f - 2 potions of agility
 j - 4 potions of brilliance
 k - 4 potions of flight
 q - 4 potions of curing
 z - 2 potions of haste
 B - 2 potions of cancellation
 D - a potion of degeneration {unknown}
 G - a potion of cure mutation {unknown}
 I - 2 potions of berserk rage
 K - 3 potions of invisibility
 R - a potion of ambrosia {unknown}
Books
 m - a book of the Tempests

   Spells                             Type                      Level
   a - Static Discharge               Conjuration/Air              3
   b - Lightning Bolt                 Conjuration/Air              5
   c - Fireball                       Conjuration/Fire             5
   d - Tornado                        Air                          9
   e - Shatter                        Earth                        9
 r - a book of Frost

   Spells                             Type                      Level
   a - Freeze                         Ice                          1
   b - Throw Frost                    Conjuration/Ice              2
   c - Ozocubu's Armour               Charms/Ice                   3
   d - Throw Icicle                   Conjuration/Ice              4
   e - Summon Ice Beast               Ice/Summoning                4
   f - Condensation Shield            Ice                          4
 v - a book of Battle

   Spells                             Type                      Level
   a - Infusion                       Charms                       1
   b - Shroud of Golubria             Charms/Translocation         2
   c - Song of Slaying                Charms                       2
   d - Spectral Weapon                Hexes/Charms                 3
   e - Regeneration                   Charms/Necromancy            3
Miscellaneous
 c - a sack of spiders {used: 1}
Comestibles
 i - 15 royal jellies
 p - 17 meat rations
 H - 8 slices of pizza
 W - 16 fruits


   Skills:
 - Level 17.0 Fighting
 + Level 16.7 Axes
 - Level 3.0 Throwing
 + Level 13.6 Armour
 - Level 5.0 Dodging
 - Level 5.1 Spellcasting
 - Level 5.0 Charms
 - Level 3.0 Summonings
 + Level 9.6 Invocations


You had 9 spell levels left.
You knew the following spells:

 Your Spells              Type           Power        Failure   Level  Hunger
a - Shadow Creatures      Summ           N/A          99%         5    ######.
b - Infusion              Chrm           ###...       3%          1    None
c - Song of Slaying       Chrm           ###.....     6%          2    ##.....
d - Phase Shift           Tloc           #.........   100%        5    ######.
e - Shroud of Golubria    Chrm/Tloc      #.........   17%         2    ##.....


Dungeon Overview and Level Annotations

Branches:
Dungeon (11/15)            Temple (0/1) D:4            Lair (8/8) D:10
 Shoals (0/4) Lair:5        Snake (0/4) Lair:5        Slime (0/6) Lair:6
    Orc (4/4) D:10            Elf (0/3) Orc:3

Altars:
Makhleb
Okawaru
Qazlal
Vehumet
Beogh

Shops:
D:8 *   Orc:1 (   Orc:2 *   Orc:3 (   Orc:4 :(:=*


Message History

As you read the scroll of fear, it crumbles to dust.
You assume a fearsome visage.
The orc warlord easily resists.
The orc warrior looks frightened!
The orc warlord hits you with an enchanted battleaxe!!
* * * LOW HITPOINT WARNING * * *
Drink which item? (? for menu, Esc to quit)
You fade into invisibility!
An orc wizard appears from thin air!
Reactivating autopickup.
The orc wizard mumbles some strange words.
The orc wizard flickers and vanishes!
Deactivating autopickup; reactivate with Ctrl-A.
You are very lightly contaminated with residual magic.
There's nothing to close nearby.
There's nothing to close nearby.
Evoke which item? (* to show all) (? for menu, Esc to quit)
Okay, then.
Unknown command.
The orc warlord hits you with an enchanted battleaxe!!
You die...

######...........##).....
####................#.......
..#....#####.....#####........
.......##.##......# ##........
......(..........###..)....##
..
..#..................#...###
...###.....(#.##.#############
# ...#.##.#....######.....# #
......##....(.o@##......## #
....#..)))#o####........##
#...).#.)o)#..........##
###....o.).))...........#
##..........o'...........#
#............#{..........#
##.........#.##o...#.....#
######.........###oo###....##'
##.####.......#.#
#...#).......


You could see an orc warlord and an orc warrior (frenzied).

Vanquished Creatures
  Gastronok (Orc:1)
  Donald (Orc:3)
  Nessos (Volcano)
  Snorg (Lair:8)
  A fire dragon (Lair:8)
  3 hydras
  3 ogre magi (Orc:4)
  A queen ant (Lair:8)
  6 death yaks
  A hill giant (Orc:3)
  5 orc knights
  A wolf spider (Lair:8)
  3 hornets (Lair:8)
  A griffon (Lair:7)
  An orc sorcerer (Orc:3)
  A guardian serpent (Lair:8)
  14 black mambas
  4 elephants (Lair:5)
  16 spiny frogs
  8 komodo dragons
  3 fire drakes
  2 queen bees
  2 trolls (Orc:4)
  3 polar bears
  A raven (Lair:3)
  10 two-headed ogres (Orc:4)
  3 wyverns
  11 blink frogs
  A redback (Lair:8)
  40 yaks
  2 deep elf magi
  11 hippogriffs
  2 basilisks
  2 fire bats (Volcano)
  6 humans (Lair:1)
  2 mottled dragons (Lair:8)
  4 steam dragons (Lair:8)
  7 soldier ants (Lair:8)
  3 nagas (Lair:5)
  Edmund (Lair:1)
  15 wolves
  2 wargs (Orc:3)
  10 porcupines
  20 water moccasins
  2 sky beasts
  28 orc warriors
  6 spiders
  A necrophage (D:8)
  A swamp drake (Lair:8)
  25 ogres
  4 ice beasts
  2 black bears
  7 centaurs
  3 wasps
  21 crocodiles
  11 giant frogs
  4 big kobolds
  3 scorpions
  51 killer bees
  2 quasits
  3 wights (D:8)
  8 crimson imps
  An electric eel (D:10)
  A giant frog zombie (D:7)
  9 lava snakes (Volcano)
  23 orc priests
  8 jellies
  Ijyb (D:3)
  9 hounds
  3 giant frog skeletons
  14 orc wizards
  16 iguanas
  24 sheep
  34 worker ants
  The ghost of Charly the Skirmisher, a weakling GrBe of Trog (D:4)
  A hound skeleton (D:5)
  A worker ant zombie (D:6)
  15 adders
  4 gnolls
  90 river rats
  2 shadow imps
  3 oozes
  An adder zombie (D:8)
  An adder skeleton (D:6)
  4 worms
  4 giant geckos
  125 orcs
  2 ball pythons
  A bat skeleton (D:4)
  A bat zombie (D:5)
  6 giant cockroaches
  18 hobgoblins
  5 jackals
  4 quokkas
  19 bats
  A giant gecko skeleton (D:4)
  6 giant newts
  23 goblins
  22 kobolds
  A quokka skeleton (D:3)
  13 rats
  9 fungi
  12 plants
956 creatures vanquished.

Vanquished Creatures (collateral kills)
  An orc warlord (Orc:3)
  An ogre mage (Orc:4)
  An ugly thing (D:11)
  A centaur skeleton (D:11)
  4 two-headed ogres
  An orc warrior (D:11)
  5 ogres (Orc:4)
  2 orc priests (D:11)
  12 jellies (Lair:6)
  A hobgoblin (D:11)
29 creatures vanquished.

Vanquished Creatures (others)
  An Executioner (Orc:3)
  A spider (Orc:3)
  A scorpion (Orc:3)
  An orc (Orc:3)
  9 fungi (Lair:8)
  16 plants
29 creatures vanquished.

Grand Total: 1014 creatures vanquished

Notes
Turn   | Place    | Note
--------------------------------------------------------------
     0 | D:1      | Hanyuu the Hill Orc Gladiator began the quest for the Orb.
     0 | D:1      | Reached XP level 1. HP: 18/18 MP: 1/1
   116 | D:1      | Reached XP level 2. HP: 19/25 MP: 2/2
   173 | D:1      | Reached skill level 5 in Axes
   698 | D:1      | Reached XP level 3. HP: 28/30 MP: 3/3
   847 | D:2      | Reached skill level 6 in Axes
   967 | D:2      | Reached XP level 4. HP: 29/37 MP: 4/4
  2021 | D:3      | Found a burning altar of Makhleb.
  2045 | D:3      | Reached skill level 1 in Armour
  2045 | D:3      | Reached XP level 5. HP: 39/45 MP: 5/5
  2052 | D:3      | Became a worshipper of Makhleb the Destroyer
  2100 | D:3      | Noticed Ijyb
  2119 | D:3      | Killed Ijyb
  2119 | D:3      | Reached skill level 7 in Axes
  2355 | D:4      | Noticed an ogre
  2369 | D:4      | Killed an ogre
  2369 | D:4      | Reached XP level 6. HP: 16/52 MP: 6/6
  2487 | D:4      | Acquired Makhleb's first power
  2708 | D:4      | Noticed Charly's ghost (weakling GrBe)
  2738 | D:4      | Killed Charly's ghost
  2867 | D:4      | Found a staircase to the Ecumenical Temple.
  3044 | D:5      | Entered Level 5 of the Dungeon
  3123 | D:5      | Reached skill level 8 in Axes
  3185 | D:5      | Reached skill level 1 in Invocations
  3190 | D:5      | Reached XP level 7. HP: 46/60 MP: 7/7
  3490 | D:5      | Reached skill level 5 in Fighting
  3531 | D:5      | Acquired Makhleb's second power
  3908 | D:6      | Reached skill level 9 in Axes
  4122 | D:6      | Reached XP level 8. HP: 53/69 MP: 8/8
  4198 | D:6      | Reached skill level 10 in Axes
  4609 | D:7      | Found an iron altar of Okawaru.
  4643 | D:7      | Reached skill level 11 in Axes
  4738 | D:7      | Reached XP level 9. HP: 70/79 MP: 11/11
  4880 | D:7      | Acquired Makhleb's third power
  5619 | D:7      | Reached skill level 12 in Axes
  5894 | D:7      | Reached skill level 1 in Spellcasting
  6389 | D:8      | Found a stormy altar of Qazlal.
  6467 | D:8      | Got a fine quarterstaff
  6541 | D:8      | Found Xaiqirch's General Store.
  6631 | D:8      | Reached XP level 10. HP: 90/90 MP: 13/13
  6640 | D:8      | Reached skill level 13 in Axes
  6796 | D:8      | Bought a +0 broad axe for 48 gold pieces
  6796 | D:8      | Bought a scroll of teleportation for 36 gold pieces
  6820 | D:8      | Acquired Makhleb's fourth power
  6959 | D:8      | Noticed a three-headed hydra
  6965 | D:8      | Killed a one-headed hydra
  6965 | D:8      | Reached skill level 5 in Armour
  7415 | D:9      | Acquired Makhleb's fifth power
  8001 | D:9      | Got a slimy marble ring
  8536 | D:10     | Entered Level 10 of the Dungeon
  8581 | D:10     | Reached skill level 10 in Fighting
  8896 | D:10     | Reached XP level 11. HP: 55/99 MP: 17/17
  9034 | D:10     | Found a staircase to the Lair.
  9296 | D:10     | Found a staircase to the Orcish Mines.
  9494 | D:10     | Reached skill level 14 in Axes
  9558 | D:10     | Identified the cursed ring of Tiegados {+Blink rC+ Str+2 Dex-2} (You found it on level 9 of the Dungeon)
  9893 | D:11     | Found a burning altar of Makhleb.
 10309 | D:11     | Learned a level 5 spell: Shadow Creatures
 10550 | Lair:1   | Entered Level 1 of the Lair of Beasts
 10746 | Lair:1   | Reached skill level 1 in Summonings
 11034 | Lair:1   | Learned a level 1 spell: Infusion
 11182 | Lair:1   | Reached skill level 15 in Axes
 11253 | Lair:1   | Noticed Edmund
 11364 | Lair:1   | Killed Edmund
 11717 | Lair:2   | Reached XP level 12. HP: 110/110 MP: 18/18
 12945 | Lair:3   | Reached skill level 16 in Axes
 14321 | Lair:4   | Reached skill level 5 in Invocations
 15030 | Lair:5   | Found a staircase to the Shoals.
 15061 | Lair:5   | Found a dark tunnel.
 15112 | Volcano  | Entered a volcano
 15311 | Volcano  | Reached skill level 1 in Charms
 15343 | Volcano  | Learned a level 2 spell: Song of Slaying
 15421 | Volcano  | Noticed Nessos
 15452 | Volcano  | Killed Nessos
 15473 | Volcano  | Found a bloodstained altar of Trog.
 15648 | Lair:5   | Reached skill level 10 in Armour
 15674 | Lair:5   | Reached XP level 13. HP: 107/122 MP: 19/19
 15929 | Lair:5   | Found a staircase to the Snake Pit.
 16783 | Lair:6   | Found a staircase to the Slime Pits.
 17903 | Lair:7   | Learned a level 5 spell: Phase Shift
 18716 | Lair:8   | Entered Level 8 of the Lair of Beasts
 18780 | Lair:7   | Reached skill level 15 in Fighting
 18864 | Lair:8   | Reached XP level 14. HP: 135/135 MP: 20/20
 18902 | Lair:8   | Noticed Snorg
 18932 | Lair:8   | Killed Snorg
 19816 | Lair:8   | Noticed a balrug
 20036 | Lair:8   | Got a bound wooden ring
 20038 | Lair:8   | Identified the ring of Xom's Absentmindedness {rPois MP+9 Stlth-} (You found it on level 8 of the Lair of Beasts)
 20674 | Lair:8   | Learned a level 2 spell: Shroud of Golubria
 20998 | Lair:8   | Reached skill level 5 in Charms
 21401 | Orc:1    | Entered Level 1 of the Orcish Mines
 21410 | Orc:1    | Found Lathriuby's Weapon Shop.
 21770 | Orc:2    | Found Zedoj's Assorted Antiques.
 21779 | Orc:2    | Found a roughly hewn altar of Beogh.
 21780 | Orc:2    | Bought a pair of smoking gloves for 332 gold pieces
 21794 | Orc:2    | Identified the +1 pair of gloves of Zasmiob {Str+4} (You bought it in a shop on level 2 of the Orcish Mines)
 22132 | Orc:1    | Noticed Gastronok
 22157 | Orc:1    | Killed Gastronok
 22314 | Orc:3    | Found Leluil's Antique Weapon Shop.
 22379 | Orc:3    | You fall through a shaft!
 22379 | Orc:4    | Entered Level 4 of the Orcish Mines
 22392 | Orc:4    | Reached XP level 15. HP: 145/145 MP: 22/22
 22414 | Orc:4    | Reached skill level 5 in Spellcasting
 22430 | Orc:4    | Found Uces's Book Shop.
 22430 | Orc:4    | Found Ganossipp's Antique Weapon Shoppe.
 22431 | Orc:4    | Found Okuogalo's Book Shoppe.
 22431 | Orc:4    | Found Bieng's Jewellery Boutique.
 22435 | Orc:4    | Reached skill level 5 in Dodging
 22449 | Orc:4    | Bought the ring "Ebobymn" {rF+ rC+ Slay+3} for 722 gold pieces
 22550 | Orc:4    | Found Nyoddi's Needful Niceties.
 22838 | Orc:3    | Found a radiant altar of Vehumet.
 22843 | Orc:3    | Found a staircase to the Elven Halls.
 23062 | Orc:3    | Noticed Donald
 23076 | Orc:3    | Killed Donald
 23334 | Orc:3    | Noticed an orc warlord
 23353 | Orc:3    | Killed an orc warlord
 23406 | Orc:3    | Reached skill level 17 in Fighting
 23408 | Orc:3    | Noticed an orc warlord
 23446 | Orc:3    | Mangled by an orc warlord

Vault maps used:
D:1:      lemuel_arrival_broad_hall, minmay_fountain_box
D:2:      kennysheep_big_empty_room, minmay_liquid_box
D:3:      makhleb_grotto_becter, kennysheep_boxes, uniq_iyjb
D:4:      minmay_temple_entry_glass, first_bread
D:6:      kennysheep_generic_room_9
D:7:      okawaru_trees_1
D:8:      nicolae_overflow_crystal_walls, serial_shops,
          nicolae_shop_statue_plus, columned_hall_lemuel, hangedman_ranch,
          serial_park_tiny_pond
D:9:      hangedman_decor_diamond_cutter, kennysheep_another_room
D:10:     lair_0_dummy, erik_orc_2, nicolae_looking_at_the_future
D:11:     basic_altar
Lair:1:   erik_1, serial_bayou_shore_b, lemuel_fruit_tree
Lair:3:   roderic_ravens_nest, grunt_megastairs_4, bh_autumn_forest_stairs,
          serial_bayou_shore_a
Lair:5:   shoals_dummy_entry, minmay_snake_entry_guardpost_small,
          enter_volcano_2, minmay_holes, beast_lair_carwin_11
Lair:6:   minmay_slime_entry_jelly_boxes, st_stairs_12
Lair:8:   guppyfry_lair_end_dragon, hangedman_lair_tendril_chambers,
          zaba_antful_of_joy, serial_bayou_shore_b, uniq_snorg
Orc:1:    serial_shops, shop, mines2_lemuel, uniq_gastronok
Orc:2:    serial_shops, nicolae_shop_competitors_out_of_business, basic_altar
Orc:3:    giant_chief_lemuel, serial_shops, shop, basic_altar,
          nicolae_orc_pool_cavern, minmay_orc_treasury, uniq_donald
Orc:4:    st_orc_ogre_mass, nicolae_alphabet_shops
Volcano:  volcano_grotto

Action                   |  1- 3 |  4- 6 |  7- 9 | 10-12 | 13-15 || total
-------------------------+-------+-------+-------+-------+-------++-------
Melee: War axe           |    99 |   240 |   373 |    61 |   764 ||  1537
       Hand axe          |       |       |       |  1420 |   618 ||  2038
       Broad axe         |       |       |       |    11 |       ||    11
 Fire: Blowgun           |       |     2 |    10 |   115 |    28 ||   155
Throw: Throwing net      |       |     1 |       |     1 |       ||     2
       Javelin           |       |       |       |    12 |       ||    12
 Cast: Song of Slaying   |       |       |       |       |    19 ||    19
       Shroud of Golubri |       |       |       |       |     2 ||     2
       Infusion          |       |       |       |       |     1 ||     1
Invok: Greater Servant o |       |       |       |     1 |     4 ||     5
       Minor Destruction |       |       |       |     1 |       ||     1
       Major Destruction |       |       |       |     1 |       ||     1
Evoke: Wand              |       |       |       |     1 |     4 ||     5
       Sack of spiders   |       |       |       |       |     1 ||     1
  Use: Scroll            |       |     9 |    12 |    12 |     8 ||    41
       Potion            |       |     1 |     5 |     3 |     6 ||    15
 Stab: Held in net/web   |       |       |       |     2 |       ||     2
       Distracted        |       |       |       |     1 |     2 ||     3
       Invisible         |       |       |       |     6 |       ||     6
  Eat: Chunk             |     1 |     8 |    14 |    31 |    31 ||    85
       Pizza             |       |       |     1 |       |       ||     1
       Fruit             |       |       |       |     7 |     5 ||    12
       Royal jelly       |       |       |       |     1 |       ||     1
